Map: Jagannatha LE

Players

Antis

  • Race: Zerg Zerg

Nina - Winner!

  • Race: Protoss Protoss

Event: DreamHack SC2 Masters 2021 Fall

VOD

Have the link to the VOD?

Description

Time

  • Played on: Aug. 6, 2021, 5:52 p.m.
  • Length: 13:52

All games in this series

Show
View Real Time Build Order
Export as new Build Order

Antis Zerg 

Build Orders: Pool First, Lurkers, Roach Hydra 

Get SALT Encoding   

  12  0:17  Spawning Pool  
  11  0:22  Drone  
  11  0:27  Drone  
  13  0:30  Drone  
  14  0:41  Overlord  
  14  1:03  Zergling x2  
  14  1:04  Zergling x2  
  16  1:05  Zergling x2  
  17  1:18  Zergling x2  
  18  1:21  Hatchery  
  17  1:26  Zergling x2  
  18  1:35  Queen  
  20  1:40  Drone  
  21  1:48  Overlord  
  21  2:02  Drone  
  21  2:05  Extractor  
  21  2:11  Queen  
  22  2:16  Drone  
  23  2:26  Drone  
  23  2:32  Drone  
  23  2:34  Queen  
  23  2:36  Drone  
  27  2:42  Drone  
  28  2:47  Drone  
  28  2:49  Drone x2  
  31  2:53  Drone  
  32  2:59  Overlord  
  32  3:06  Zergling x2  
  33  3:13  Drone x2  
  33  3:15  Metabolic Boost  
  35  3:20  Drone x2  
  37  3:28  Drone x3  
  37  3:32  Drone  
  37  3:33  Drone  
  41  3:45  Hatchery  
  40  3:50  Overlord  
  40  3:53  Drone x2  
  42  3:57  Spore Crawler  
  42  4:00  Drone x2  
  43  4:05  Overlord  
  43  4:08  Queen  
  45  4:13  Spore Crawler  
  45  4:15  Drone x2  
  45  4:16  Drone  
  47  4:20  Overlord  
  47  4:26  Drone x3  
  47  4:31  Drone  
  51  4:32  Overlord  
  51  4:40  Drone x3, Roach Warren  
  51  4:44  Extractor  
  52  4:50  Queen, Drone x2  
  56  4:54  Drone x2  
  58  5:01  Drone x4  
  58  5:05  Overlord  
  62  5:07  Lair  
  62  5:15  Drone x5  
  62  5:19  Overlord  
  62  5:20  Overlord  
  67  5:27  Zergling x8  
  71  5:37  Extractor, Overlord  
  71  5:38  Evolution Chamber  
  71  5:41  Drone x4  
  73  5:47  Queen, Overlord  
  73  5:48  Queen  
  77  5:50  Drone x5  
  77  5:55  Drone x4  
  84  5:57  Extractor  
  84  5:59  Spore Crawler  
  84  6:02  Drone x3  
  84  6:03  Drone x2  
  87  6:11  Extractor  
  87  6:13  Extractor  
  83  6:18  Overlord  
  83  6:20  Drone x4  
  83  6:23  Overlord  
  83  6:24  Hatchery  
  86  6:28  Glial Reconstitution  
  86  6:29  Overseer, Zerg Missile Weapons Level 1  
  86  6:38  Roach x7  
  100  6:45  Queen x2  
  104  6:47  Overlord  
  104  6:52  Roach x3  
  110  6:57  Roach x3  
  110  6:59  Ravager x4  
  119  7:01  Overlord  
  119  7:06  Ravager  
  120  7:12  Roach x2  
  120  7:13  Roach x5  
  134  7:19  Overlord  
  134  7:20  Overlord x2  
  130  7:30  Drone x8  
  130  7:32  Queen  
  140  7:38  Drone x2  
  140  7:39  Infestation Pit, Hydralisk Den  
  140  7:47  Drone  
  140  7:48  Drone x2  
  140  7:49  Drone x3  
  147  7:51  Ravager x2  
  147  7:52  Roach x3  
  154  8:09  Overlord x3  
  154  8:11  Grooved Spines  
  154  8:15  Lurker Den, Hive  
  154  8:16  Drone x4  
  154  8:17  Extractor x2, Drone x2  
  157  8:26  Overlord x2  
  157  8:30  Zerg Missile Weapons Level 2  
  157  8:33  Evolution Chamber  
  156  8:34  Hatchery  
  154  8:43  Hydralisk x8  
  163  8:55  Overseer  
  163  9:00  Spine Crawler  
  163  9:02  Drone x5, Swarm Host  
  169  9:07  Hydralisk  
  169  9:08  Hydralisk x5  
  169  9:09  Zergling x14  
  185  9:15  Spine Crawler x2  
  183  9:20  Lurker x2  
  183  9:23  Muscular Augments  
  185  9:38  Hydralisk x9  
  174  9:49  Hydralisk x3  
  174  9:50  Hydralisk  
  168  9:56  Seismic Spines  
  166  10:00  Zergling x16, Roach x3  
  160  10:12  Hydralisk  
  160  10:13  Hydralisk x6  
  162  10:18  Queen  
  162  10:19  Queen  
  162  10:21  Queen  
  143  10:29  Queen  
  143  10:31  Lurker x3  
  143  10:34  Zergling x2  
  149  10:39  Drone  
  149  10:40  Drone  
  149  10:42  Spine Crawler  
  150  10:43  Drone x3  
  150  10:44  Overseer, Spine Crawler  
  150  10:47  Zerg Missile Weapons Level 3, Lurker  
  150  10:48  Hatchery  
  152  10:50  Zerg Ground Armor Level 1  
  152  10:55  Pneumatized Carapace  
  152  11:01  Hydralisk  
  152  11:02  Roach x4  
  162  11:09  Roach x6  
  162  11:10  Roach  
  176  11:20  Hydralisk x2  
  176  11:21  Hydralisk  
  176  11:22  Hydralisk x3  
  183  11:34  Lurker x2  
  183  11:46  Hydralisk x3  
  183  11:47  Hydralisk x5  
  142  12:00  Hydralisk  
  142  12:01  Hydralisk x7  
  123  12:07  Drone x2  
  123  12:08  Drone x5  
  141  12:11  Queen x3  
  145  12:23  Spine Crawler  
  145  12:27  Hydralisk x6  
  154  12:37  Overlord x2  
  154  12:41  Infestor x3  
  158  12:46  Drone x3  
  158  12:51  Spore Crawler  
  159  12:52  Spore Crawler, Queen x2  
  159  12:53  Spore Crawler  
  149  13:07  Lurker  
  149  13:08  Lurker, Hydralisk x2  
  149  13:09  Zergling x8  
  149  13:10  Zergling x6  
  160  13:20  Lurker x2  
  154  13:27  Hydralisk  
Show
View Real Time Build Order
Export as new Build Order

Nina Protoss - Winner!

Build Orders: Archon Immortal 

Get SALT Encoding   

  12  0:00  Probe  
  13  0:12  Probe  
  14  0:18  Pylon  
  14  0:24  Probe  
  15  0:36  Probe (Chrono Boost)  
  15  0:38  Gateway  
  16  0:47  Assimilator  
  16  0:48  Probe (Chrono Boost)  
  17  0:52  Probe (Chrono Boost)  
  18  1:03  Probe  
  19  1:15  Probe  
  20  1:25  Cybernetics Core  
  20  1:26  Zealot  
  20  1:29  Gateway, Probe  
  23  1:37  Pylon  
  23  1:55  Probe  
  23  1:59  Adept (Chrono Boost)  
  24  2:07  Probe  
  27  2:20  Nexus, Probe  
  28  2:25  Adept  
  30  2:30  Pylon  
  30  2:34  Probe  
  30  2:36  Warp Gate  
  31  2:41  Assimilator  
  31  2:48  Probe  
  32  2:55  Stargate  
  32  3:00  Adept  
  32  3:02  Probe (Chrono Boost)  
  36  3:13  Pylon  
  36  3:14  Probe (Chrono Boost)  
  36  3:19  Probe (Chrono Boost)  
  37  3:30  Probe (Chrono Boost)  
  37  3:32  Void Ray, Probe (Chrono Boost)  
  42  3:43  Probe (Chrono Boost)  
  42  3:45  Adept, Probe (Chrono Boost)  
  45  3:49  Probe (Chrono Boost)  
  45  3:52  Probe  
  45  3:53  Twilight Council  
  47  3:59  Probe  
  48  4:04  Probe  
  49  4:11  Probe  
  49  4:14  Pylon  
  49  4:16  Probe  
  51  4:23  Nexus, Probe (Chrono Boost)  
  52  4:24  Void Ray  
  57  4:33  Probe (Chrono Boost)  
  57  4:36  Probe (Chrono Boost)  
  57  4:37  Assimilator  
  58  4:42  Assimilator  
  58  4:43  Probe x2 (Chrono Boost)  
  60  4:53  Robotics Facility, Probe  
  60  4:54  Probe  
  60  4:57  Pylon  
  62  5:03  Sentry  
  62  5:05  Probe  
  65  5:07  Shield Battery  
  65  5:08  Probe  
  65  5:11  Sentry  
  68  5:17  Forge, Probe  
  68  5:19  Gateway  
  68  5:20  Probe  
  70  5:27  Gateway  
  70  5:29  Sentry, Probe  
  70  5:32  Probe  
  70  5:35  Gateway  
  74  5:38  Probe  
  74  5:39  Immortal (Chrono Boost)  
  74  5:41  Probe  
  80  5:44  Probe  
  80  5:48  Pylon  
  81  5:50  Probe  
  81  5:54  Probe  
  81  5:56  Probe  
  84  5:59  Protoss Ground Weapons Level 1 (Chrono Boost), Gateway, Sentry x2  
  84  6:02  Probe  
  89  6:08  Probe  
  89  6:09  Probe  
  91  6:12  Pylon  
  91  6:18  Immortal (Chrono Boost)  
  95  6:20  Probe  
  95  6:21  Pylon  
  95  6:22  Charge  
  95  6:23  Pylon  
  95  6:24  Probe  
  97  6:27  Probe  
  97  6:30  Assimilator x2  
  97  6:32  Zealot  
  100  6:33  Zealot  
  100  6:35  Zealot  
  100  6:36  Probe  
  100  6:39  Probe x2  
  107  6:45  Zealot  
  107  6:46  Zealot  
  112  6:47  Observer (Chrono Boost)  
  112  6:48  Probe  
  112  6:50  Templar Archives  
  112  6:54  Gateway  
  113  6:56  Gateway  
  113  6:59  Probe  
  114  7:06  Immortal  
  114  7:07  Pylon  
  118  7:09  Probe  
  118  7:11  Probe  
  118  7:15  Psionic Storm  
  119  7:20  Pylon  
  119  7:22  Pylon  
  119  7:23  Pylon  
  117  7:31  Nexus  
  117  7:32  Probe  
  117  7:35  Shield Battery  
  118  7:37  High Templar x3  
  118  7:40  Pylon  
  118  7:42  Pylon  
  124  7:47  High Templar  
  124  7:48  Probe x2  
  124  7:49  Probe  
  129  7:52  Photon Cannon, Warp Prism  
  129  7:56  Protoss Ground Weapons Level 2 (Chrono Boost)  
  131  8:00  Photon Cannon, Probe x2  
  131  8:03  Probe  
  134  8:07  Pylon  
  134  8:08  Photon Cannon  
  134  8:10  High Templar x2  
  134  8:12  Probe  
  139  8:14  Archon  
  139  8:17  Probe x2  
  139  8:18  Gateway  
  141  8:24  Assimilator  
  141  8:25  Probe  
  141  8:26  Assimilator  
  142  8:28  High Templar x2  
  142  8:30  Photon Cannon  
  142  8:33  Gateway, Archon  
  146  8:37  Zealot x3  
  152  8:41  Zealot  
  152  8:47  Probe x2  
  155  9:01  High Templar x4  
  155  9:02  Zealot x4  
  169  9:08  Archon  
  165  9:10  Archon, Immortal (Chrono Boost)  
  169  9:18  Fleet Beacon, Gateway  
  169  9:30  Zealot x4  
  169  9:31  Zealot x2  
  173  9:41  Stargate  
  155  9:49  Zealot x4  
  155  9:52  Zealot x5  
  157  9:54  Zealot  
  157  9:56  Immortal  
  151  10:10  Archon x2  
  151  10:11  Zealot x3  
  151  10:12  Zealot  
  151  10:14  Carrier (Chrono Boost)  
  147  10:16  Zealot x5  
  147  10:18  Protoss Air Weapons Level 1, Zealot  
  146  10:21  Zealot  
  146  10:26  Carrier (Chrono Boost)  
  126  10:32  High Templar x4  
  126  10:35  Immortal (Chrono Boost)  
  140  10:40  High Templar  
  142  10:49  Photon Cannon  
  142  10:51  Photon Cannon  
  142  10:52  Nexus  
  142  10:53  Pylon  
  142  10:55  Pylon, Protoss Ground Weapons Level 3 (Chrono Boost)  
  142  10:57  Stargate  
  142  11:06  Photon Cannon  
  142  11:10  Observer (Chrono Boost)  
  149  11:19  Photon Cannon, High Templar  
  149  11:23  Carrier (Chrono Boost)  
  149  11:24  Zealot x5  
  149  11:25  Warp Prism  
  159  11:30  Zealot x3  
  167  11:35  Zealot x2  
  159  11:59  High Templar x2  
  159  12:00  High Templar x2, Carrier (Chrono Boost)  
  159  12:01  Observer, Zealot x7  
  168  12:16  Probe  
  168  12:18  Carrier  
  168  12:21  Probe  
  168  12:22  Probe x3  
  175  12:23  Observer  
  175  12:28  Probe  
  169  12:37  Zealot  
  171  12:45  Zealot x6  
  171  12:46  Zealot x4  
  183  13:00  Nexus  
  183  13:05  High Templar x6  
  187  13:07  Zealot x2  
  187  13:08  Zealot  
  187  13:09  Archon  
  187  13:10  Archon x2  
  187  13:35  Zealot x5  
  181  13:43  Zealot x4  
  181  13:44  Zealot x2  

Tags
 
Add a new tag
Caveats
  • Supply blocks, unpowered buildings, or Contaminate may cause inaccurate times.
  • Supply counts are checked every 10 seconds.